 Dungeon Crawl Stone Soup version 0.31-a0-75-g6fe912e8c5 (webtiles) character file.

Game seed: 8166622054698559111

138 jlumianski the Covered (level 5, -4/33 HPs)
             Began as a Gargoyle Fighter on May 24, 2023.
             Slain by Crazy Yiuf
             ... wielding a +3 quarterstaff of chaos
              (16 damage)
             ... on level 2 of the Dungeon.
             The game lasted 00:04:59 (1581 turns).

jlumianski the Covered (Gargoyle Fighter)           Turns: 1581, Time: 00:04:59

Health: -4/33      AC: 12    Str: 21    XL:     5   Next: 21%
Magic:  5/5        EV:  9    Int:  9    God:
Gold:   159        SH:  4    Dex:  9    Spells: 4/4 levels left

rFire   . . .        a - +0 war axe
rCold   . . .        c - +0 buckler
rNeg    + . .        b - +0 scale mail
rPois   ∞            (no helmet)
rElec   +            p - +0 cloak
rCorr   .            (no gloves)
SInv    +            (no boots)
Will    .....        (no amulet) Stlth
                     m - ring of see invisible
HPRegen 0.25/turn    (no ring)
MPRegen 0.09/turn

%: no passive effects
@: no status effects
A: sickness immunity, AC +4, negative energy resistance 1, electricity
resistance, torment resistance 1, petrification resistance
a: no special abilities


You were on level 2 of the Dungeon.
You visited 1 branch of the dungeon, and saw 3 of its levels.

You collected 159 gold pieces.

Inventory:

Hand Weapons
 a - a +0 war axe (weapon)
 n - a +0 whip of venom
Missiles
 i - 28 stones (quivered)
Armour
 b - a +0 scale mail (worn)
 c - a +0 buckler (worn)
 k - a +0 pair of gloves
 p - a +0 cloak (worn)
Jewellery
 m - a ring of see invisible (left hand)
Scrolls
 e - a scroll of vulnerability {unknown}
 f - 2 scrolls of immolation {unknown}
 h - 2 scrolls of magic mapping {unknown}
 l - 2 scrolls of brand weapon {unknown}
 q - a scroll of identify {unknown}
Potions
 d - a potion of haste {unknown}
 g - a potion of curing {unknown}
 j - a potion of enlightenment {unknown}
 o - a potion of degeneration {unknown}


   Skills:
 + Level 4.0 Fighting
 + Level 3.1 Axes
 + Level 4.1 Armour
 + Level 0.3 Dodging
 + Level 4.0 Shields


You had 4 spell levels left.
You didn't know any spells.
Your spell library contained the following spells:

 Spells                   Type           Power      Damage    Failure   Level
 Freeze                   Ice            0%         1d3       78%         1
 Frozen Ramparts          Ice            0%         1d1       98%         3
 Hailstorm                Conj/Ice       0%         3d3       98%         3


Dungeon Overview and Level Annotations

Branches:
Dungeon (3/15)

Altars:

Annotations:
D:2 Crazy Yiuf
D:3 Sigmund


Innate Abilities, Weirdness & Mutations

You are immune to sickness and miasma.
Your stone body is resilient. (AC +4)
You are immune to poison.
You resist negative energy. (rN+)
You are resistant to electric shocks. (rElec)
You are resistant to unholy torment.
You are immune to petrification.


Message History

Found a runed hammer and a hammer.
Crazy Yiuf shouts!
Found a hammer.
You see here a +1 hammer of protection.
You see here a +0 hammer.
You see here a +2 hammer of protection.
Found two hammers.
Found a hammer.
You see here a +0 hammer.
You see here a +0 hammer.
Found a hammer.
You see here a +0 hammer.
You see here a +0 hammer.
You see here a +0 hammer.
You see here a +0 hammer.
You see here a +0 hammer.
You see here a +0 hammer.
Okay, then.
Unknown command.
Okay, then.
You open the door. You slash Crazy Yiuf!
Crazy Yiuf is heavily wounded.
Crazy Yiuf closely misses you.
Crazy Yiuf hits you with a +3 quarterstaff of chaos!
You hit Crazy Yiuf but do no damage.
Crazy Yiuf is heavily wounded.
You block Crazy Yiuf's attack.
You barely miss Crazy Yiuf.
Crazy Yiuf is heavily wounded.
Crazy Yiuf hits you with a +3 quarterstaff of chaos! x2
You hit Crazy Yiuf but do no damage.
Crazy Yiuf is moderately wounded.
Crazy Yiuf twirls on the spot.
You block Crazy Yiuf's attack.
You closely miss Crazy Yiuf.
Crazy Yiuf is moderately wounded.
Crazy Yiuf grits, "Blight Xom pizzabubble!"
Crazy Yiuf hits you with a +3 quarterstaff of chaos!
You die...

..<#.###.# #............# .....#
#.# ##########...## .#.### #.#
#..).).)##..## .#.# #.#
##)#####..#.## .#.#
#.###).#)..#).#.#
...#####.#.#..#...#..#.####
...##......#))#...#.##..†.#
......##.###))##g##)##.##.#
...........#)..)@)..)#.##.##
....####.###.))....).#.##[.#
...........#..)......#####.#
#..........#)))).)...#####.######
...........##))......##.........#
...........##......))##.........#
#÷...###...##...)....##.........#
#>...# #.######....####.........#
.....# #.# ###....###..........#


You could see Crazy Yiuf.

Vanquished Creatures
  Natasha (thrice) (D:2)
  An adder (D:2)
  A gnoll (D:1)
  2 dart slugs (D:1)
  4 ball pythons
  5 endoplasms
  2 giant cockroaches
  4 hobgoblins
  6 jackals
  2 quokkas (D:1)
  3 bats (D:1)
  A frilled lizard (D:1)
  A goblin (D:1)
  2 kobolds (D:1)
  4 rats
41 creatures vanquished.

Notes
Turn   | Place    | Note
-------+----------+-------------------------------------------
     0 | D:1      | jlumianski the Gargoyle Fighter began the quest for the
                  | Orb.
     0 | D:1      | Reached XP level 1. HP: 14/14 MP: 1/1
    64 | D:1      | Reached XP level 2. HP: 17/19 MP: 2/2
   202 | D:3      | Noticed Sigmund
   280 | D:2      | Noticed Natasha
   287 | D:2      | Killed Natasha
   288 | D:2      | Reached XP level 3. HP: 15/24 MP: 3/3
   317 | D:2      | Noticed Natasha
   326 | D:2      | Killed Natasha
   327 | D:2      | Reached XP level 4. HP: 15/29 MP: 4/4
   404 | D:2      | Noticed Natasha
   428 | D:2      | Killed Natasha
   907 | D:1      | Reached XP level 5. HP: 33/33 MP: 5/5
  1543 | D:2      | Found a runed translucent door.
  1546 | D:2      | Noticed Crazy Yiuf
  1581 | D:2      | Slain by Crazy Yiuf

Illustrated notes

Levels and vault maps discovered:
D:1:      lightli_arrival_noodles, layout_basic, minmay_stone_trees_small,
          minmay_misc_feat_four_crosses
D:2:      layout_rooms, uniq_crazy_yiuf_cottage, uniq_natasha
D:3:      layout_basic, mainiacjoe_overflow_six_doors_small,
          mainiacjoe_overflow_boulevard, dk_noncrumbling_3, uniq_sigmund

Skill      XL: |  1  2  3  4  5 |
---------------+----------------+-----
Axes           | 2 3 |  3.1
Armour         | 4 |  4.1
Fighting       | 4 |  4.0
Shields        | 4 |  4.0
Dodging        | |  0.3

Action                     |  1- 3 |  4- 6 || total
---------------------------+-------+-------++-------
  Melee: War axe           |    63 |    89 ||   152
    Use: Potion            |       |     1 ||     1
 Armour: Scale mail        |    55 |    78 ||   133
  Dodge: Dodged            |    39 |    72 ||   111
  Block: Buckler           |    17 |    31 ||    48

Table legend: (Time is in decaauts)
 A = Elapsed time spent in this place.
 B = Non-inter-level travel time spent in this place.
 C = Inter-level travel time spent in this place.
 D = Time resting spent in this place.
 E = Time spent auto-exploring this place.
 F = Levels seen in this place.
 G = Mean time per level.
                   A        B        C        D        E       F      G
               +--------+--------+--------+--------+--------+-----+--------+
         Total |   1673 |   1658 |     15 |     88 |    996 |   3 |  557.7 |
       Dungeon |   1673 |   1658 |     15 |     88 |    996 |   3 |  557.7 |
               +--------+--------+--------+--------+--------+-----+--------+

Top non-repeatable levels by time:
     D:1: 972 daAuts
     D:2: 606 daAuts
     D:3: 95 daAuts
